 Dungeon Crawl Stone Soup version 0.28-a0-1202-g1e6f1b2279 (webtiles) character file.

Game seed: 14612694299706863558

48 ReteAZ the Covered (level 3, -2/29 HPs)
             Began as a Demigod Wanderer on Dec 20, 2021.
             Slain by a scorpion (4 damage)
             ... on level 1 of the Dungeon.
             The game lasted 00:03:36 (2305 turns).

ReteAZ the Covered (Demigod Wanderer)               Turns: 2305, Time: 00:03:37

Health: -2/29      AC:  3    Str: 18    XL:     3   Next: 30%
Magic:  7/7        EV: 10    Int: 15    God:
Gold:   51         SH:  3    Dex: 11    Spells: 4/5 levels left

rFire   . . .      SeeInvis .   a - +0 club
rCold   . . .      Faith    .   b - +0 buckler
rNeg    . . .      Spirit   .   e - +0 leather armour
rPois   .          Reflect  .   (no helmet)
rElec   .          Harm     .   (no cloak)
rCorr   .          Rampage  .   (no gloves)
Will    .....                   (no boots)
Stlth   +.........              (no amulet)
HPRegen 0.09/turn               (no ring)
MPRegen 0.10/turn               (no ring)

@: no status effects
A: high mp 1, forlorn, divine attributes
a: no special abilities


You were on level 1 of the Dungeon.
You visited 1 branch of the dungeon, and saw 2 of its levels.

You collected 51 gold pieces.

Inventory:

Hand Weapons
 a - a +0 club (weapon)
Armour
 b - a +0 buckler (worn)
 c - a +0 chain mail
 e - a +0 leather armour (worn)


   Skills:
 + Level 2.2 Fighting
 + Level 3.0 Armour
 + Level 1.5 Shields
 + Level 1.5 Spellcasting
 + Level 3.0 Necromancy


You had 4 spell levels left.
You knew the following spells:

 Your Spells              Type           Power      Damage    Failure   Level
a - Pain                  Necr           40%        1d6       11%         1

Your spell library contained the following spells:

 Spells                   Type           Power      Damage    Failure   Level
 Vampiric Draining        Necr           10%        2d6       32%         3
 Slow                     Hex            4%         N/A       36%         1
 Confusing Touch          Hex            1%         N/A       75%         3


Dungeon Overview and Level Annotations

Branches:
Dungeon (2/15)


Innate Abilities, Weirdness & Mutations

You have an increased reservoir of magic. (+10% MP)
You shall have no god before yourself.
Your divine heritage dramatically boosts your attributes as you level up.


Message History

There is a stone staircase leading up here.
You climb upwards.
There is a stone staircase leading down here.
You start resting.
Magic restored.
You see here a +0 chain mail.
There is a stone staircase leading down here.
You start resting.
HP restored.
You climb downwards.
You block the scorpion's attack. The scorpion stings you!
There is a stone staircase leading up, spattered with blood here.
You aren't carrying any items that you can evoke.
You aren't carrying any potions.
As you read the scroll labelled VYILEBRICS, it crumbles to dust.
You feel aware of your surroundings.
It was a scroll of magic mapping.
You block the scorpion's attack.
As you read the scroll labelled FOUQUBB PABB, it crumbles to dust.
It is a scroll of identify.
You don't have any unidentified items.
You block the scorpion's attack. The scorpion barely misses you.
The scorpion stings you!
You are poisoned.
The scorpion poisons you!
You climb upwards.
You feel very sick.
There is a stone staircase leading down here.
You aren't carrying any scrolls.
You aren't carrying any potions.
Unknown command.
* * * LOW HITPOINT WARNING * * *
You feel sick.
You feel sick.
You feel sick. The scorpion barely misses you.
You feel sick.
You feel sick.
You feel sick.
You feel sick.
You are no longer poisoned.
The scorpion stings you.
You die...

.# #.#.##..........#####.#.# .#
#.#.##.#######........#..
)########.#.##.# #........###
..........#.##.# #...........
.##########.##.# ##..........
...########.##.########......####
.............#................#
.#.###########.########.......#
........>......s@.....#.......#
..........##.#.######.#.......#
.########.##.#.# #.#.......# .#
#.##.#.# #.#.......# .# #.##.#.#
#.#.......# .# #....#.#
#.#######.# .# ######.# #.# #.#
.# #.######.# #####.### .#
#........# #........


You could see a scorpion.

Vanquished Creatures
  An adder (D:2)
  3 dart slugs
  An endoplasm (D:1)
  3 giant cockroaches (D:1)
  4 goblins
  2 hobgoblins (D:1)
  6 ball pythons
  3 bats (D:1)
  A frilled lizard (D:1)
  3 kobolds
  6 rats
33 creatures vanquished.

Notes
Turn   | Place    | Note
-------+----------+-------------------------------------------
     0 | D:1      | ReteAZ the Demigod Wanderer began the quest for the Orb.
     0 | D:1      | ReteAZ set off with the following items: a +0 club, a +0
                  | buckler, a +0 chain mail; and the following spell
                  | memorised: Pain; and the following spells available to
                  | memorise: Vampiric Draining
     0 | D:1      | Reached XP level 1. HP: 17/17 MP: 4/4
   274 | D:1      | Reached XP level 2. HP: 21/24 MP: 6/6
  1839 | D:2      | Reached XP level 3. HP: 28/29 MP: 3/7
  1988 | D:2      | HP: 1/29 [worm (9)]
  2293 | D:2      | Noticed a scorpion
  2305 | D:1      | Slain by a scorpion

Illustrated notes

Levels and vault maps discovered:
D:1:      dpeg_arrival_pits, layout_basic, nicolae_ecumenical_lake_church,
          minmay_cut_off
D:2:      layout_basic

Skill      XL: |  1  2 |
---------------+-------+-----
Fighting       | 2 |  2.2
Armour         | 3 |  3.0
Necromancy     | 3 |  3.0
Shields        | |  1.5
Spellcasting   | |  1.5

Action                   || total
-------------------------++-------
Melee: Club              ||   155
 Cast: Pain              ||    32
  Use: Scroll            ||     2
Armor: Chain mail        ||   156
       Leather armour    ||     5
Dodge: Dodged            ||    67
Block: Buckler           ||    44

Table legend: (Time is in decaauts)
 A = Elapsed time spent in this place.
 B = Non-inter-level travel time spent in this place.
 C = Inter-level travel time spent in this place.
 D = Time resting spent in this place.
 E = Time spent auto-exploring this place.
 F = Levels seen in this place.
 G = Mean time per level.
                   A        B        C        D        E       F      G
               +--------+--------+--------+--------+--------+-----+--------+
         Total |   2363 |   2196 |    167 |    411 |   1341 |   2 | 1181.5 |
       Dungeon |   2363 |   2196 |    167 |    411 |   1341 |   2 | 1181.5 |
               +--------+--------+--------+--------+--------+-----+--------+

Top non-repeatable levels by time:
     D:1: 2179 daAuts
     D:2: 184 daAuts
